 Seeded DCSS version 0.29-a0-555-g3b24f45cc1 (webtiles) character file.

Game seed: 5197682552777129174 (custom seed)

25009 happo123 the Unseen (level 12, -11/71 HPs)
             Began as a Vampire Enchanter on June 8, 2022.
             Was an Elder of Wu Jian.
             Killed from afar by Azrael (40 damage)
             ... with damnation
             ... on level 12 of the Dungeon.
             The game lasted 01:08:23 (11011 turns).

happo123 the Unseen (Vampire Enchanter)            Turns: 11011, Time: 01:08:23

Health: -11/71     AC: 12    Str:  7    XL:     12   Next: 85%
Magic:  20/22      EV: 17    Int: 21    God:    Wu Jian [****..]
Gold:   665        SH:  0    Dex: 25    Spells: 5/24 levels left

rFire   + . .      SeeInvis +   N - +2 rapier of Dadugac {freeze, rF+}
rCold   + + .      Faith    .   f - orb {guile}
rNeg    + + +      Spirit   .   G - +0 acid dragon scales
rPois   ∞          Reflect  .   W - +2 helmet
rElec   .          Harm     .   (no cloak)
rCorr   +          Rampage  .   R - +0 pair of fencer's gloves {Riposte Dex+3}
Will    .....                   F - +0 pair of boots
Stlth   ++++++++..              h - amulet of magic regeneration
HPRegen 0.00/turn               n - ring of flight
MPRegen 0.58/turn               v - +6 ring of dexterity

@: flying, bloodless, inhibited regen, invisible
A: bloodless, fangs 3, see invisible, vampiric 2
a: Bat Form, Revivify, Renounce Religion, Wall Jump, Serpent's Lash


You were on level 12 of the Dungeon.
You worshipped Wu Jian.
Wu Jian was greatly pleased with you.
You visited 2 branches of the dungeon, and saw 13 of its levels.
You also visited: Ice Cave.

You collected 665 gold pieces.

Inventory:

Hand Weapons
 j - a +3 dagger of protection
 C - a +2 vampiric dagger
 D - a +3 dagger of venom
 N - the +2 rapier of Dadugac (weapon) {freeze, rF+}
   (You found it on level 7 of the Dungeon)

   It freezes those it strikes, dealing additional cold damage.
   It can also slow down cold-blooded creatures.
   rF:        It protects you from fire.
Missiles
 U - a throwing net
Armour
 f - an orb of guile (worn)
 F - a +0 pair of boots (worn)
 G - +0 acid dragon scales (worn)
 M - a +2 buckler of protection
 R - the +0 pair of fencer's gloves (worn) {Riposte Dex+3}
   (You acquired it on level 10 of the Dungeon)

   It allows the wearer to riposte with melee weapons, swiftly retaliating
   against missed or blocked attacks.
   Dex:       It affects your dexterity (+3).
 W - a +2 helmet (worn)
 Y - a +2 leather armour of willpower
 Z - the +0 robe of Fewkimod {rF+}
   (You found it on level 12 of the Dungeon)

   rF:        It protects you from fire.
Jewellery
 h - an amulet of magic regeneration (around neck)
 n - a ring of flight (left hand)
 v - a +6 ring of dexterity (right hand)
 J - a ring of willpower
 Q - an amulet of the acrobat
 S - a ring of fire
Wands
 y - a wand of charming (8)
 B - a wand of iceblast (23)
 I - a wand of mindburst (16)
 X - a wand of flame (19)
Scrolls
 d - 7 scrolls of teleportation
 k - a scroll of blinking {unknown}
 l - 3 scrolls of enchant weapon
 p - a scroll of torment {unknown}
 s - 4 scrolls of vulnerability
 t - 2 scrolls of enchant armour
 x - 3 scrolls of noise
 z - 2 scrolls of fear
 A - 4 scrolls of fog
 H - 2 scrolls of immolation
 K - a scroll of brand weapon
 L - 3 scrolls of summoning
 O - 2 scrolls of amnesia
 P - 4 scrolls of magic mapping
Potions
 a - 3 potions of berserk rage {unknown}
 b - a potion of attraction {unknown}
 c - 2 potions of invisibility
 e - 2 potions of flight {unknown}
 g - a potion of cancellation {unknown}
 i - 5 potions of heal wounds
 m - a potion of resistance {unknown}
 o - 2 potions of lignification {unknown}
 q - 3 potions of curing
 r - 2 potions of degeneration {unknown}
 u - 4 potions of haste {unknown}
 w - a potion of might {unknown}
 E - 2 potions of magic {unknown}
 T - a potion of brilliance {unknown}
 V - a potion of ambrosia {unknown}


   Skills:
 + Level 6.5 Fighting
 + Level 7.8 Short Blades
 + Level 4.8 Armour
 + Level 8.1 Dodging
 * Level 15.8 Stealth
 + Level 6.7 Spellcasting
 * Level 14.7 Hexes
 + Level 6.8 Ice Magic


You had 5 spell levels left.
You knew the following spells:

 Your Spells              Type           Power      Damage    Failure   Level
a - Ensorcelled Hibernat  Hex/Ice        100%       N/A       1%          2
b - Confusing Touch       Hex            62%        N/A       1%          3
c - Tukima's Dance        Hex            62%        N/A       1%          3
d - Dazzling Flash        Conj/Hex       76%        N/A       2%          3
e - Ozocubu's Armour      Ice            35%        N/A       2%          3
f - Metabolic Englaciati  Hex/Ice        25%        N/A       5%          5

Your spell library contained the following spells:

 Spells                   Type           Power      Damage    Failure   Level
 Freeze                   Ice            100%       1d11      1%          1
 Slow                     Hex            100%       N/A       1%          1
 Inner Flame              Hex/Fire       38%        N/A       2%          3
 Beastly Appendage        Tmut           14%        N/A       16%         1
 Foxfire                  Conj/Fire      28%        2x1d5     16%         1
 Wereblood                Tmut           7%         N/A       24%         2
 Ice Form                 Ice/Tmut       21%        N/A       36%         4
 Gell's Gravitas          Tloc           7%         N/A       43%         3
 Spider Form              Tmut/Pois      7%         N/A       43%         3
 Teleport Other           Tloc           7%         N/A       43%         3
 Freezing Cloud           Conj/Ice/Air   8%         6-21      86%         5
 Dispersal                Tloc           3%         N/A       100%        6
 Ozocubu's Refrigeration  Ice            17%        4d8       100%        7


Dungeon Overview and Level Annotations

Branches:
Dungeon (12/15)            Temple (1/1) D:7            Lair (0/6) D:10
    Orc (0/2) D:10          IceCv (visited)

Altars:
Ashenzari
Cheibriados
Dithmenos
Elyvilon
Fedhas
Gozag
Hepliaklqana
Kikubaaqudgha
Makhleb
Nemelex Xobeh
Okawaru
Qazlal
Ru
Sif Muna
Trog
Uskayaw
Vehumet
Wu Jian
Xom
Yredelemnul
Zin
The Shining One

Shops:
D:2 =   D:6 =

Annotations:
D:12 1 transporter, Azrael


Innate Abilities, Weirdness & Mutations

You do not regenerate when monsters are visible.
You are frail without blood (-20% HP).
You can heal yourself when you bite living creatures.
You are immune to poison.
You have razor-sharp teeth.
You have supernaturally acute eyesight. (SInv)
You are afflicted with vampirism and can become a bat while bloodless.


Message History

You spin and attack Azrael.
You hit Azrael. You freeze Azrael.
Azrael is lightly wounded.
The deep elf pyromancer mumbles some strange words.
Azrael drinks a potion.
Azrael is healed!
Azrael seems less confused.
Azrael attacks as you move away!
Azrael hits you with a +4 scimitar of flaming!
Azrael burns you. The fire elemental misses you.
Casting: Confusing Touch (safe; 1% risk of failure)
Confirm with . or Enter, or press ? or * to list all spells.
Okay, then.
You fade into invisibility!
A two-headed ogre comes into view. It is wielding two +0 giant clubs.
The fire elemental misses you.
You riposte.
You strike the helpless fire elemental from behind!
You stick the fire elemental like a pincushion!!!
You freeze the fire elemental!
You destroy the fire elemental!
The Council accepts your kill.
Unknown command.
The hell hound closely misses you.
You riposte.
You hit the hell hound but do no damage.
Your bite misses the hell hound. The fire elemental closely misses you.
The hell hound bites you but does no damage.
Aiming: Ensorcelled Hibernation (safe; 1% risk of failure)
Press: ? - help, Q - select action, (/) - cycle Shift-Dir - straight line, f - hell hound, p - Azrael
Aim: a hell hound (flame, chance to affect: 84%)
The hell hound looks drowsy...
The fire elemental closely misses you.
The deep elf pyromancer casts a spell at you.
The bolt of fire hits the hell hound.
The hell hound completely resists.
The bolt of fire misses you. The hell hound misses you.
You catch the helpless fire elemental completely off-guard!
You impale the fire elemental!! You freeze the fire elemental!
You destroy the fire elemental!
The Council accepts your kill.
The hell hound bites you but does no damage.
Azrael gestures at you.
The sphere of damnation explodes!
The damnation engulfs you!!!
Ouch! That really hurt!
You die...

. ##..#.#....###......# .
...#...#......# ##.)).## ©.
#.h......##...# ##....## ..
#.......###...# #....#$J.J
.○○○..........### #..####..#
..°°........#.#.###÷###.##.#
#.E☼○.....R○.........##..###
....#E..e°h°.###...####.....
....##.####@####...# ##.....
.#. #.......##....###......
# ...O......###...##.......
..........#.#............
.........................
###...........).........>
##...............##....
#.....................#
.....=................#


You could see Azrael (can't see you), a two-headed ogre (can't see you), a deep
elf pyromancer (can't see you), a fire elemental (summoned, wandering, can't see
you) and a hell hound.

Vanquished Creatures
  A frost giant (IceCv)
  Josephine (D:11)
  A boulder beetle (D:12)
  A hydra (D:11)
  2 two-headed ogres
  6 death yaks (IceCv)
  A cyclops (D:12)
  A manticore (D:11)
  A gargoyle (D:11)
  A kobold demonologist (D:11)
  Maggie (D:6)
  8 rime drakes
  7 polar bears
  11 slime creatures
  8 wraiths
  3 vampires
  A wyvern (D:10)
  2 humans (D:10)
  17 yaks
  3 fire elementals (D:12)
  2 steam dragons
  2 vampire mosquitoes (D:12)
  The ghost of vulpzor the Grasshopper, an amateur OpWr (D:3)
  Duvessa (D:4)
  A water moccasin (D:8)
  3 hell hounds (D:12)
  4 orc warriors
  7 wolves (IceCv)
  3 centaurs
  5 ice beasts
  A sky beast (D:7)
  An ogre (D:6)
  4 kobold brigands
  3 necrophages
  3 bullfrogs
  3 gnoll sergeants
  3 scorpions
  Dowan (D:4)
  2 electric eels (D:11)
  3 jellies
  7 orc priests
  2 hounds
  A gnoll shaman (D:6)
  Ijyb (D:4)
  5 iguanas
  10 orc wizards
  A scorpion zombie (D:3)
  Robin (D:3)
  19 gnolls
  7 adders
  2 white imps (D:11)
  3 worms
  2 dart slugs
  31 orcs
  2 ball pythons (D:4)
  7 endoplasms
  2 giant cockroaches
  11 goblins
  6 hobgoblins
  4 jackals (D:3)
  2 quokkas
  A ball python zombie (D:3)
  4 frilled lizards
  25 kobolds
  A quokka zombie (D:3)
  3 rats
290 creatures vanquished.

Vanquished Creatures (collateral kills)
  A death yak (IceCv)
  2 gnolls
3 creatures vanquished.

Grand Total: 293 creatures vanquished

Notes
Turn   | Place    | Note
-------+----------+-------------------------------------------
     0 | D:1      | happo123 the Vampire Enchanter began the quest for the Orb.
     0 | D:1      | Reached XP level 1. HP: 13/13 MP: 3/3
   651 | D:2      | Reached XP level 2. HP: 18/19 MP: 5/5
   660 | D:2      | Learned a level 2 spell: Ensorcelled Hibernation
  1064 | D:2      | Found Joajunuw's Jewellery Shoppe.
  1284 | D:2      | Reached skill level 5 in Stealth
  1320 | D:2      | Gained mutation: You are afflicted with vampirism and can
                  | become a bat while bloodless. [Vampire growth]
  1320 | D:2      | Reached XP level 3. HP: 20/20 MP: 6/6
  1324 | D:2      | Learned a level 3 spell: Confusing Touch
  1471 | D:3      | Reached skill level 5 in Hexes
  1494 | D:3      | Noticed Robin
  1508 | D:3      | Killed Robin
  1656 | D:3      | Reached XP level 4. HP: 24/24 MP: 7/7
  1661 | D:3      | Found a runed translucent door.
  1762 | D:3      | Found a faded altar of an unknown god.
  1767 | D:3      | Reached skill level 1 in Fighting
  1951 | D:3      | Found a radiant altar of Vehumet.
  2120 | D:3      | Found a basalt altar of Yredelemnul.
  2144 | D:3      | Reached skill level 1 in Ice Magic
  2461 | D:3      | Noticed vulpzor's ghost (amateur OpWr)
  2475 | D:3      | Killed vulpzor's ghost
  2476 | D:3      | Reached skill level 6 in Stealth
  2476 | D:3      | Reached XP level 5. HP: 25/29 MP: 8/8
  2545 | D:3      | Learned a level 3 spell: Tukima's Dance
  2580 | D:4      | Reached XP level 6. HP: 35/35 MP: 8/10
  2870 | D:4      | Noticed Ijyb
  2875 | D:4      | Killed Ijyb
  2930 | D:4      | Noticed Dowan
  2937 | D:4      | Noticed Duvessa
  2942 | D:4      | Killed Dowan
  2943 | D:4      | Reached skill level 7 in Stealth
  2943 | D:4      | Reached XP level 7. HP: 40/40 MP: 3/11
  2953 | D:4      | Killed Duvessa
  3346 | D:5      | Entered Level 5 of the Dungeon
  3511 | D:5      | Reached skill level 8 in Stealth
  3531 | D:5      | Reached XP level 8. HP: 45/45 MP: 11/13
  3653 | D:5      | Found a shimmering altar of Xom.
  3891 | D:5      | Found an iron altar of Okawaru.
  4002 | D:6      | Noticed Maggie
  4010 | D:6      | Killed Maggie
  4011 | D:6      | Reached skill level 9 in Stealth
  4033 | D:6      | Found Qaost's Jewellery Shoppe.
  4143 | D:6      | Reached XP level 9. HP: 51/51 MP: 12/14
  4147 | D:6      | Learned a level 3 spell: Dazzling Flash
  4273 | D:6      | Found a bloodstained altar of Trog.
  4278 | D:6      | Found a snail-covered altar of Cheibriados.
  4447 | D:7      | Found an ornate altar of the Wu Jian Council.
  4452 | D:7      | Became a worshipper of the Wu Jian Council
  4491 | D:7      | Reached skill level 1 in Armour
  4491 | D:7      | Reached skill level 10 in Stealth
  4737 | D:7      | Reached skill level 5 in Dodging
  4740 | D:7      | Reached * piety under Wu Jian
  4800 | D:7      | Found a broken altar of Ashenzari.
  4806 | D:7      | Identified the +2 rapier of Dadugac {freeze, rF+}
  5058 | D:7      | Found a staircase to the Ecumenical Temple.
  5067 | Temple   | Entered the Ecumenical Temple
  5311 | D:7      | Found an ornate altar of the Wu Jian Council.
  5510 | D:8      | Reached skill level 10 in Hexes
  6008 | D:8      | Reached skill level 11 in Stealth
  6034 | D:8      | Noticed a two-headed ogre
  6042 | D:8      | Killed a two-headed ogre
  6043 | D:8      | Reached skill level 5 in Short Blades
  6043 | D:8      | Reached XP level 10. HP: 27/57 MP: 11/17
  6773 | D:9      | Found a sparkling altar of Nemelex Xobeh.
  6889 | D:9      | Reached ** piety under Wu Jian
  6892 | D:9      | Found a shadowy altar of Dithmenos.
  6934 | D:9      | Reached skill level 12 in Stealth
  6934 | D:9      | Reached skill level 5 in Spellcasting
  7137 | D:10     | Entered Level 10 of the Dungeon
  7516 | D:10     | Found a staircase to the Lair.
  7642 | D:10     | Reached skill level 5 in Ice Magic
  7833 | D:10     | Found a staircase to the Orcish Mines.
  8172 | D:10     | Identified the +4 long sword of the Blushing Vulture
                  | {vorpal, rPois}
  8267 | D:10     | Identified a scroll of acquirement
  8267 | D:10     | Acquired the +0 pair of fencer's gloves {Riposte Dex+3}
  8267 | D:10     | Found the +0 pair of fencer's gloves {Riposte Dex+3}
  8281 | D:11     | Found a frozen archway.
  8303 | IceCv    | Entered an ice cave
  8309 | IceCv    | Reached skill level 5 in Fighting
  8309 | IceCv    | Reached XP level 11. HP: 63/63 MP: 17/19
  8314 | IceCv    | Noticed a death yak
  8321 | IceCv    | Noticed a death yak
  8355 | IceCv    | Killed a death yak
  8356 | IceCv    | Reached skill level 13 in Stealth
  8358 | IceCv    | Killed a death yak
  8406 | IceCv    | Noticed a death yak
  8412 | IceCv    | Noticed a death yak
  8413 | IceCv    | Killed a death yak
  8417 | IceCv    | Killed a death yak
  8491 | IceCv    | Got the Incunabulum of Snow
  8494 | IceCv    | Got the Reference Book on the Snowflakes
  8502 | IceCv    | Learned a level 3 spell: Ozocubu's Armour
  8508 | IceCv    | Learned a level 5 spell: Metabolic Englaciation
  8516 | IceCv    | Noticed a frost giant
  8518 | IceCv    | Noticed a death yak
  8529 | IceCv    | Reached *** piety under Wu Jian
  8538 | IceCv    | Killed a frost giant
  8539 | IceCv    | Killed a death yak
  8556 | IceCv    | Reached skill level 14 in Stealth
  8590 | IceCv    | Noticed a death yak
  8590 | IceCv    | Noticed a death yak
  8594 | IceCv    | Killed a death yak
  8600 | IceCv    | Killed a death yak
  8601 | IceCv    | Reached XP level 12. HP: 69/69 MP: 21/21
  9282 | D:11     | Noticed a seven-headed hydra
  9288 | D:11     | Killed a seven-headed hydra
  9438 | D:11     | Reached **** piety under Wu Jian
  9443 | D:11     | Reached skill level 15 in Stealth
  9458 | D:11     | Noticed Josephine
  9652 | D:11     | Killed Josephine
  9672 | D:11     | Noticed a two-headed ogre
  9681 | D:11     | Killed a two-headed ogre
 10432 | D:12     | Found a transporter.
 10474 | D:12     | Got the Incunabulum of the Arsonist and the Oath
 10616 | D:12     | Noticed Azrael
 10706 | D:12     | Noticed a boulder beetle
 10712 | D:12     | Killed a boulder beetle
 10914 | D:12     | Identified the +0 robe of Fewkimod {rF+}
 11008 | D:12     | Noticed a two-headed ogre
 11011 | D:12     | Killed from afar by Azrael

Illustrated notes

Levels and vault maps discovered:
D:1:      dpeg_arrival_oval, layout_basic, chequers_serial_rivers_micro_c
D:2:      layout_basic, serial_shops,
          nicolae_shop_temple_entry_statues_fountains
D:3:      layout_basic, nicolae_vehumet_radiance,
          nicolae_yredelemnul_corpse_copse, ebering_ghost_reflecting_pool,
          dreamdust_ecumenical_altar_angels_and_demons,
          minmay_stone_trees_medium, uniq_robin
D:4:      layout_gridville, uniq_duvessa, uniq_ijyb
D:5:      layout_cave_pools, mainiacjoe_overflow_boulevard,
          kennysheep_okawaru_gauntlet
D:6:      layout_rooms, nicolae_overflow_hidden_temple, serial_shops,
          nicolae_square_shop, uniq_maggie
D:7:      layout_rooms, dreamdust_divine_triumvirate,
          lemuel_coloured_pillars_altar, minmay_temple_entry_butterflies,
          kennysheep_minor_cross, hangedman_feature_mirror
D:8:      layout_basic
D:9:      layout_loops_ring, nemelex_spade_bored_becter, lemuel_round_altar
D:10:     nicolae_cairo_tiling, layout_layer_cave, minmay_ruffians
D:11:     layout_cave_pods, serial_ice, serial_ice_m, serial_ice_c,
          serial_ice_n, serial_ice_f, portal_ice_cave_rime, uniq_josephine
D:12:     gammafunk_jiyva_shrine, layout_cave_pools, minmay_statue_bubble,
          uniq_azrael
Temple:   jpeg_temple_alley_garden

Skill      XL: |  1  2  3  4  5  6  7  8  9 10 11 12 |
---------------+-------------------------------------+-----
Stealth        | 5 6 7 8 9 11 12 14 15 | 15.8
Hexes          | 5 6 7 9 10 12 13 14 | 14.7
Fighting       | 1 2 3 4 5 6 |  6.5
Ice Magic      | 1 2 3 4 5 6 |  6.8
Short Blades   | 2 3 4 5 6 7 |  7.8
Dodging        | 3 4 5 6 7 8 |  8.1
Spellcasting   | 3 4 5 6 |  6.7
Armour         | 2 3 4 |  4.8

Action                   |  1- 3 |  4- 6 |  7- 9 | 10-12 || total
-------------------------+-------+-------+-------+-------++-------
Melee: Dagger            |    56 |    73 |   125 |       ||   254
       Bite              |     5 |    10 |    11 |    38 ||    64
       Rapier            |       |       |    28 |   285 ||   313
 Cast: Ensorcelled Hiber |    20 |    22 |    54 |    53 ||   149
       Confusing Touch   |       |     3 |     5 |    22 ||    30
       Tukima's Dance    |       |     1 |     3 |     1 ||     5
       Ozocubu's Armour  |       |       |       |     1 ||     1
Invok: Lunge             |       |       |    24 |    61 ||    85
       Whirlwind         |       |       |     2 |    49 ||    51
 Abil: Exsanguinate      |     1 |       |       |       ||     1
Evoke: Wand              |       |       |       |     1 ||     1
  Use: Scroll            |       |       |     8 |     6 ||    14
       Potion            |       |       |       |     3 ||     3
 Stab: Sleeping          |    20 |    32 |    73 |    89 ||   214
       Confused          |       |     2 |     7 |    18 ||    27
       Distracted        |       |       |       |     2 ||     2
       Invisible         |       |       |       |     9 ||     9
Armor: Robe              |     8 |    10 |     7 |       ||    25
       Acid dragon scale |       |       |    18 |    59 ||    77
Dodge: Dodged            |    21 |    34 |    63 |   171 ||   289
Block: Buckler           |       |       |       |     8 ||     8
       Rpst.: Rapier     |       |       |       |    42 ||    42

Table legend: (Time is in decaauts)
 A = Elapsed time spent in this place.
 B = Non-inter-level travel time spent in this place.
 C = Inter-level travel time spent in this place.
 D = Time resting spent in this place.
 E = Time spent auto-exploring this place.
 F = Levels seen in this place.
 G = Mean time per level.
                   A        B        C        D        E       F      G
               +--------+--------+--------+--------+--------+-----+--------+
         Total |  10964 |   9668 |   1296 |    955 |   6447 |  14 |  783.1 |
       Dungeon |   9911 |   8676 |   1235 |    552 |   6282 |  12 |  825.9 |
        Temple |    230 |    169 |     61 |      0 |    165 |   1 |  230.0 |
      Ice Cave |    822 |    822 |      0 |    403 |      0 |   1 |  822.0 |
               +--------+--------+--------+--------+--------+-----+--------+

Top non-repeatable levels by time:
    D:11: 1195 daAuts
    D:10: 1156 daAuts
     D:3: 1055 daAuts
     D:8: 985 daAuts
     D:2: 938 daAuts
   IceCv: 822 daAuts
     D:4: 814 daAuts
     D:9: 730 daAuts
     D:7: 723 daAuts
    D:12: 644 daAuts
     D:5: 576 daAuts
     D:6: 547 daAuts
     D:1: 543 daAuts
  Temple: 230 daAuts
